 Dungeon Crawl Stone Soup version 0.25-a0-517-gf8b3a32422 (webtiles) character file.

Game seed: 2299130022776376106, levelgen mode: deterministic

86 drasked the Firebug (level 4, -3/24 HPs)
             Began as a Deep Elf Fire Elementalist on Feb 18, 2020.
             Slain by an orc
             ... wielding a +1 falchion of electrocution
              (18 damage)
             ... on level 3 of the Dungeon.
             The game lasted 00:04:34 (2436 turns).

drasked the Firebug (Deep Elf Fire Elementalist)    Turns: 2436, Time: 00:04:34

Health: -3/24      AC:  4    Str:  5    XL:     4   Next: 27%
Magic:  8/10       EV: 13    Int: 21    God:
Gold:   190        SH:  0    Dex: 15    Spells: 8/9 levels left

rFire    . . .     SeeInvis .   g - +0 short sword
rCold    . . .     Gourm    .   (no shield)
rNeg     . . .     Faith    .   a - +0 robe
rPois    .         Spirit   .   (no helmet)
rElec    .         Reflect  .   (no cloak)
rCorr    .         Harm     .   m - +0 pair of gloves (curse)
MR       .....                  i - +0 pair of boots
Stlth    ++........             (no amulet)
HPRegen  0.08/turn              (no ring)
MPRegen  0.12/turn              (no ring)

@: no status effects
A: no striking features
a: no special abilities


You were on level 3 of the Dungeon.
You were not hungry.

You visited 1 branch of the dungeon, and saw 3 of its levels.

You collected 190 gold pieces.

Inventory:

Hand Weapons
 g - a +0 short sword (weapon)
   (You took it off a kobold on level 1 of the Dungeon)
Missiles
 Q - 55 stones (quivered)
Armour
 a - a +0 robe (worn)
 i - a +0 pair of boots (worn)
   (You found it on level 1 of the Dungeon)
 m - a cursed +0 pair of gloves (worn)
   (You found it on level 2 of the Dungeon)
Jewellery
 f - a cursed -3 ring of intelligence {unknown}
   (You found it on level 1 of the Dungeon)
Scrolls
 b - a scroll of immolation {unknown}
 c - 3 scrolls of enchant weapon {unknown}
 d - 2 scrolls of magic mapping {unknown}
 j - 3 scrolls of identify {unknown}
 k - 3 scrolls of teleportation {unknown}
 l - 4 scrolls of remove curse {unknown}
Potions
 h - a potion of magic {unknown}
 n - a potion of curing {unknown}
 p - a potion of degeneration {unknown}
Comestibles
 e - 7 rations
 o - 5 chunks of flesh {@w0}


   Skills:
 - Level 2.4 Dodging
 - Level 2.4 Stealth
 - Level 3.0 Spellcasting
 * Level 3.8 Conjurations
 + Level 4.1 Fire Magic


You had 8 spell levels left.
You knew the following spells:

 Your Spells              Type           Power        Failure   Level  Hunger
a - Foxfire               Conj/Fire      ###.         2%          1    None

Your spell library contained the following spells:

 Spells                   Type           Power        Failure   Level  Hunger
 Conjure Flame            Conj/Fire      ###.....     8%          3    ###....
 Inner Flame              Hex/Fire       ##......     17%         3    ###....
 Sticky Flame             Conj/Fire      ###.....     26%         4    ####...
 Fireball                 Conj/Fire      ###.......   56%         5    ######.


Dungeon Overview and Level Annotations

Branches:
Dungeon (3/15)

Altars:
Nemelex Xobeh
Ru


Message History

You conjure some foxfire!
The adder hisses angrily.
The foxfire hits the adder.
You conjure some foxfire!
The foxfire hits the adder. x2
You conjure some foxfire!
The foxfire hits the adder.
The foxfire hits the adder!
You kill the adder!
You have reached level 4!
You feel clever.
You see here an adder corpse.
You butcher the adder corpse.
o - 2 chunks of flesh {@w0} You see here an adder skeleton.
You start resting.
You now have 184 gold pieces (gained 17).
An adder comes into view.
An adder is nearby!
You conjure some foxfire!
The adder hisses angrily.
The adder bites you but does no damage.
The foxfire hits the adder.
The adder closely misses you.
You conjure some foxfire!
The adder bites you. The adder barely misses you. The adder barely misses you.
The foxfire hits the adder.
The adder closely misses you.
You conjure some foxfire!
The adder closely misses you.
The foxfire hits the adder.
You kill the adder!
You start resting.
You start resting.
You now have 190 gold pieces (gained 6).
A rat comes into view.
A rat is nearby!
A rat is nearby!
You conjure some foxfire!
The foxfire hits the rat.
You kill the rat!
You start resting.
You butcher the rat corpse.
o - 3 chunks of flesh {@w0} (gained 1)
You see here a rat skeleton. x2
l - 4 scrolls labeled WAOPOU ATAAMUC (gained 1)
A frilled lizard comes into view.
A frilled lizard is nearby!
You conjure some foxfire!
You conjure some foxfire!
The foxfire hits the frilled lizard!
You kill the frilled lizard!
You conjure some foxfire!
You start resting.
An orc comes into view. It is wielding a +0 hand axe.
An orc is nearby!
An orc is nearby!
You conjure some foxfire!
The orc shouts!
An orc comes into view. It is wielding a +0 trident.
You conjure some foxfire!
The foxfire hits the orc.
You conjure some foxfire!
The foxfire hits the orc.
You kill the orc!
You conjure some foxfire!
The foxfire hits the orc.
The foxfire hits the orc.
You conjure some foxfire!
The foxfire hits the orc.
An orc comes into view. It is wielding a +0 short sword.
You conjure some foxfire!
The orc shouts!
The foxfire hits the orc.
You kill the orc!
You conjure some foxfire!
The foxfire hits the orc!
You kill the orc!
You conjure some foxfire!
* * * LOW MAGIC WARNING * * *
You start resting.
Some of the chunks of flesh in your inventory have rotted away.
You butcher the orc corpse.
o - 4 chunks of flesh {@w0} (gained 3)
Things that are here:
a +0 hand axe; an orc skeleton
Things that are here:
a +0 hand axe; an orc skeleton You butcher the frilled lizard corpse.
o - 5 chunks of flesh {@w0} (gained 1)
Things that are here:
a +0 short sword; a frilled lizard skeleton
Things that are here:
a +0 short sword; a frilled lizard skeleton An orc comes into view.
It is wielding a +1 falchion of electrocution.
Things that are here:
a +0 trident; an orc corpse The orc shouts!
You conjure some foxfire!
The foxfire hits the orc.
Things that are here:
a +0 short sword; a frilled lizard skeleton You conjure some foxfire!
The orc hits you with a +1 falchion of electrocution!
The orc hits you but does no damage.
You are electrocuted!!
Ouch! That really hurt!
You die...

#........÷#
#.###.##### .# #.#
#.######## .# #.#
#......... .# #.#
########## .# #.#
.### #§# ...
##.##############.#
#.........)v@o..).#
###################


You could see an orc.

Levels and vault maps discovered:
D:1:      wander_arrival_abandoned_jail, layout_basic
D:2:      layout_loops_cross, lemuel_coloured_pillars_altar,
          nemelex_dance_club_becter
D:3:      layout_basic

Notes
Turn   | Place    | Note
-------+----------+-------------------------------------------
     0 | D:1      | drasked the Deep Elf Fire Elementalist began the quest for
                  | the Orb.
     0 | D:1      | Reached XP level 1. HP: 10/10 MP: 6/6
   152 | D:1      | Identified a +0 club
   156 | D:1      | Reached skill level 2 in Conjurations
   156 | D:1      | Identified a +0 short sword
   160 | D:1      | Reached XP level 2. HP: 15/15 MP: 2/8
   260 | D:1      | Identified a +0 pair of boots (You found it on level 1 of
                  | the Dungeon)
   410 | D:1      | Identified a +0 club
   945 | D:2      | Identified a +0 short sword
   978 | D:2      | Identified a +0 club
  1372 | D:2      | Reached XP level 3. HP: 19/19 MP: 6/9
  1404 | D:2      | Found a sacrificial altar of Ru.
  1451 | D:2      | Identified a +0 club
  1580 | D:2      | Found a sparkling altar of Nemelex Xobeh.
  1587 | D:2      | Reached skill level 3 in Conjurations
  1759 | D:2      | Identified a cursed +0 pair of gloves (You found it on
                  | level 2 of the Dungeon)
  1969 | D:3      | Identified a +0 club
  2125 | D:3      | Reached skill level 4 in Fire Magic
  2170 | D:3      | Reached XP level 4. HP: 24/24 MP: 6/10
  2353 | D:3      | Identified a +0 hand axe
  2356 | D:3      | Identified a +0 trident
  2363 | D:3      | Identified a +0 short sword
  2428 | D:3      | Identified a +1 falchion of electrocution
  2428 | D:3      | Identified a +0 leather armour
  2436 | D:3      | Slain by an orc

Table legend:
 A = Turns spent in this place as a percentage of turns spent in the entire game.
 B = Non-inter-level travel turns spent in this place as a percentage of non-inter-level travel turns spent in the entire game.
 C = Inter-level travel turns spent in this place as a percentage of turns spent in this place.
 D = Turns resting spent in this place as a percentage of non-inter-level travel turns spent in this place.
 E = Turns spent auto-exploring this place as a percentage of non-inter-level travel turns spent in this place.
 F = Non-inter-level travel turns spent in this place divided by the number of levels of this place that you've seen.
                   A       B       C       D       E      F
               +-------+-------+-------+-------+-------+----------------------
         Total | 100.0 | 100.0 |   2.2 |  27.7 |  58.1 | 794.0
       Dungeon | 100.0 | 100.0 |   2.2 |  27.7 |  58.1 | 794.0
               +-------+-------+-------+-------+-------+----------------------

Table legend:
 A = Kills in this place as a percentage of kills in entire the game.
 B = Kills by you in this place as a percentage of kills by you in the entire game.
 C = Kills by friends in this place as a percentage of kills by friends in the entire game.
 D = Other kills in this place as a percentage of other kills in the entire game.
 E = Experience gained in this place as a percentage of experience gained in the entire game.
 F = Experience gained in this place divided by the number of levels of this place that you have seen.
                   A       B       C       D       E      F
               +-------+-------+-------+-------+-------+----------------------
         Total | 100.0 | 100.0 |   N/A |   N/A | 100.0 |  41.3
       Dungeon | 100.0 | 100.0 |   N/A |   N/A | 100.0 |  41.3
               +-------+-------+-------+-------+-------+----------------------

Skill      XL: |  1  2  3 |
---------------+----------+-----
Conjurations   | 2 3 |  3.8
Fire Magic     | 4 |  4.1
Dodging        | |  2.4
Stealth        | |  2.4
Spellcasting   | |  3.0

Action                   |  1- 3 |  4- 6 || total
-------------------------+-------+-------++-------
 Cast: Foxfire           |    66 |    17 ||    83
  Eat: Chunk             |     4 |       ||     4
Armor: Robe              |     5 |     1 ||     6
Dodge: Dodged            |    18 |     5 ||    23

Vanquished Creatures
  4 adders
  An ooze (D:2)
  A worm (D:2)
  A dart slug (D:1)
  4 orcs
  3 giant cockroaches
  A goblin (D:1)
  6 hobgoblins
  5 bats
  A frilled lizard (D:3)
  6 kobolds
  7 rats
40 creatures vanquished.

Vanquished Creatures (others)
  113 foxfires
113 creatures vanquished.

Grand Total: 153 creatures vanquished
